 Dungeon Crawl Stone Soup version 0.25.1-2-g60ff931df9 (webtiles) character file.

Game seed: 7643802927279709857

14751 Delamore the Blocker (level 12, -19/64 HPs)
             Began as a Gargoyle Fighter on July 31, 2020.
             Was an Elder of Qazlal.
             Killed from afar by a vault guard (37 damage)
             ... with an exploding inner flame
             ... hexed by the player character
             ... on level 13 of the Dungeon.
             The game lasted 00:17:37 (10552 turns).

Delamore the Blocker (Gargoyle Fighter)            Turns: 10552, Time: 00:17:38

Health: -19/64     AC: 21    Str: 31    XL:     12   Next: 19%
Magic:  12/12      EV: 10    Int:  9    God:    Qazlal [****..]
Gold:   391        SH: 25    Dex:  9    Spells: 11/11 levels left

rFire    . . .     SeeInvis .   K - +3 mace (freeze)
rCold    . . .     Gourm    .   c - +0 kite shield
rNeg     + + .     Faith    .   b - +0 scale mail
rPois    ∞         Spirit   .   k - +0 helmet
rElec    +         Reflect  +   N - +2 cloak
rCorr    .         Harm     .   R - +0 pair of gloves
MR       .....                  (no boots)
Stlth    ..........             l - amulet of reflection
HPRegen  0.20/turn              I - ring of Tomorrow {rPois Str+6 Slay+3}
MPRegen  0.13/turn              n - ring of positive energy

@: repel missiles
A: negative energy resistance 1, electricity resistance, unbreathing,
petrification resistance, rot immunity, AC +8
a: Upheaval, Elemental Force, Renounce Religion


You were on level 13 of the Dungeon.
You worshipped Qazlal.
Qazlal was greatly pleased with you.
You were not hungry.

You visited 2 branches of the dungeon, and saw 12 of its levels.

You collected 632 gold pieces.
You spent 241 gold pieces at shops.

Inventory:

Hand Weapons
 t - a +0 flail of venom
 C - a +0 morningstar
 K - a +3 mace of freezing (weapon)
Missiles
 j - a throwing net
 O - 7 atropa-tipped darts (quivered)
 S - 3 javelins
Armour
 b - a +0 scale mail (worn)
 c - a +0 kite shield (worn)
 k - a +0 helmet (worn)
 N - a +2 cloak (worn)
 R - a +0 pair of gloves (worn)
Jewellery
 l - an amulet of reflection (around neck)
 n - a ring of positive energy (right hand)
 u - an uncursed amulet of regeneration
 I - the ring of Tomorrow (left hand) {rPois Str+6 Slay+3}
   (You took it off an orc priest on level 8 of the Dungeon)

   [ring of strength]

   It affects your strength (+6).
   It affects your accuracy and damage with ranged weapons and melee attacks
   (+3).
   It protects you from poison.
Wands
 a - a wand of flame (24)
 y - a wand of random effects (30)
 G - a wand of paralysis (7)
Scrolls
 g - a scroll of magic mapping
 i - 4 scrolls of enchant armour {unknown}
 m - 5 scrolls of teleportation {unknown}
 p - 5 scrolls of remove curse
 q - 2 scrolls of noise
 r - a scroll of fog {unknown}
 s - 2 scrolls of enchant weapon
 v - 2 scrolls of fear
 D - 2 scrolls of blinking {unknown}
 H - a scroll of random uselessness
 J - a scroll of vulnerability
 L - a scroll of silence
Potions
 d - 5 potions of might
 e - 3 potions of curing
 h - a potion of ambrosia
 o - a potion of cancellation
 w - a potion of lignification {unknown}
 x - 2 potions of haste
 z - a potion of degeneration {unknown}
 A - 2 potions of resistance
 E - a potion of brilliance {unknown}
 F - 2 potions of heal wounds {unknown}
 M - a potion of flight {unknown}
 P - a potion of mutation {unknown}
Comestibles
 f - 17 rations
 Q - 6 chunks of flesh


   Skills:
 - Level 3.2 Fighting
 - Level 14.0 Maces & Flails
 - Level 3.2 Armour
 + Level 14.1 Shields


You had 11 spell levels left.
You didn't know any spells.
Your spell library contained the following spells:

 Spells                   Type           Power        Failure   Level  Hunger
 Sting                    Tmut/Pois      #...         65%         1    ##.....
 Poisonous Vapours        Pois/Air       #.....       80%         2    ###....
 Ignite Poison            Fire/Tmut/Pois #.......     95%         3    ####...
 Mephitic Cloud           Conj/Pois/Air  #.......     95%         3    ####...
 Olgreb's Toxic Radiance  Pois           #.......     100%        4    #####..


Dungeon Overview and Level Annotations

Branches:
Dungeon (10/15)            Temple (1/1) D:6          Vaults (0/5) D:13
   Lair: D:8-11         Orc: D:9-12

Altars:
Ashenzari
Cheibriados
Dithmenos
Elyvilon
Fedhas
Gozag
Hepliaklqana
Kikubaaqudgha
Makhleb
Nemelex Xobeh
Okawaru
Qazlal
Ru
Sif Muna
Trog
Uskayaw
Vehumet
Wu Jian
Xom
Yredelemnul
Zin
The Shining One

Shops:
D:4 *   D:8 [

Annotations:
D:7 2 transporters, farkougg's ghost, novice OpTm


Innate Abilities, Weirdness & Mutations

You are resistant to torment.
Your stone body is resilient. (AC +8)
You are immune to poison.
You resist negative energy. (rN+)
You are resistant to electric shocks. (rElec)
You can survive without breathing.
You are immune to petrification.
You are immune to rotting.


Message History

The ice devil disappears in a puff of smoke!
The centaur warrior is engulfed in blazing flames.
The centaur warrior explodes!
The fiery explosion engulfs the vault guard!!
Flame seeps out of the vault guard.
The vault guard is moderately wounded.
The fiery explosion engulfs the bullfrog!!
You kill the bullfrog!
Qazlal accepts your kill.
The fiery explosion engulfs the vault guard!
The vault guard explodes!
The fiery explosion engulfs the vault guard!!
The vault guard explodes!
The fiery explosion engulfs you!!
* * * LOW HITPOINT WARNING * * *
Qazlal accepts your kill.
Your Shields skill increases to level 14!
The fiery explosion engulfs you!!!
Ouch! That really hurt!
You die...

#+###########+###
########................
..%.%..#...##.#....#....
...................#....
#%......##.......#....
##§§§§.####......#....
##§°@## ##.....#....
##§## ##.......... .○§
##....#######


#K#pa ##....÷# # .YY #......# ...h +......+ #.... #......# #.#.. ##.....#######
##........... You could see a vault guard (inner flame), 2 yaks, a soldier ant
(inner flame), a big kobold (inner flame) and a hound (inner flame).

Vanquished Creatures
  A vault guard (D:13)
  Harold (D:8)
  A centaur warrior (D:13)
  2 two-headed ogres
  A skeletal warrior (D:8)
  A necromancer (D:9)
  The ghost of Ebobla the Carver, a novice DsBe of Trog (D:6)
  Maggie (D:9)
  A kobold demonologist (D:13)
  4 flying skulls (D:9)
  A wyvern (D:9)
  5 shadows (D:9)
  A vampire (D:13)
  8 yaks
  4 wraiths (D:9)
  A hungry ghost (D:9)
  2 vampire mosquitoes (D:10)
  A water moccasin (D:5)
  2 sky beasts
  An ice beast (D:8)
  2 orc warriors
  4 centaurs
  6 ogres
  4 big kobolds
  10 bullfrogs
  A scorpion (D:7)
  A wyvern skeleton (D:9)
  9 killer bees
  12 wights
  A howler monkey (D:3)
  2 centaur zombies
  2 crimson imps
  4 bullfrog zombies
  2 quasits (D:7)
  4 hounds
  2 jellies
  9 orc wizards
  7 centaur skeletons
  Ijyb (D:5)
  7 orc priests
  5 bullfrog skeletons (D:9)
  5 iguanas
  4 worker ants
  3 hound zombies
  A hound skeleton (D:6)
  A howler monkey zombie (D:9)
  8 adders
  A shadow imp (D:13)
  An ooze (D:1)
  A spectral adder (D:6)
  4 adder zombies
  4 adder skeletons
  A worm (D:8)
  2 dart slugs
  An adder simulacrum (D:6)
  10 leopard geckos
  33 orcs
  2 ball pythons
  9 giant cockroaches
  3 goblins (D:1)
  7 hobgoblins
  10 jackals
  18 kobolds
  5 quokkas
  9 bats
  4 frilled lizards
  2 jackal skeletons
  A leopard gecko zombie (D:9)
  A quokka zombie (D:9)
  8 rats
294 creatures vanquished.

Vanquished Creatures (others)
  A kobold (D:10)
1 creature vanquished.

Grand Total: 295 creatures vanquished

Notes
Turn   | Place    | Note
-------+----------+-------------------------------------------
     0 | D:1      | Delamore the Gargoyle Fighter began the quest for the Orb.
     0 | D:1      | Reached XP level 1. HP: 14/14 MP: 1/1
     2 | D:1      | Noticed a felid
     4 | D:1      | Noticed a halfling
     4 | D:1      | Noticed a troll
     6 | D:1      | Noticed a vine stalker
     6 | D:1      | Noticed a merfolk
     8 | D:1      | Noticed a naga
     8 | D:1      | Noticed a draconian
    10 | D:1      | Noticed a vampire
    10 | D:1      | Noticed a demonspawn
    12 | D:1      | Noticed an octopode
    12 | D:1      | Noticed an ogre
    14 | D:1      | Noticed a minotaur
    14 | D:1      | Noticed a tengu
    16 | D:1      | Noticed a human
    16 | D:1      | Noticed a centaur
    18 | D:1      | Noticed an elf
    20 | D:1      | Noticed a formicid
    20 | D:1      | Noticed a ghoul
    22 | D:1      | Noticed a spriggan
    24 | D:1      | Noticed a gargoyle
    24 | D:1      | Noticed a dwarf
    26 | D:1      | Noticed a demigod
   102 | D:1      | Reached XP level 2. HP: 16/19 MP: 2/2
   475 | D:1      | Reached XP level 3. HP: 23/23 MP: 3/3
  1126 | D:2      | Reached XP level 4. HP: 28/28 MP: 4/4
  1374 | D:2      | Found a basalt altar of Yredelemnul.
  1374 | D:2      | Found a glowing silver altar of Zin.
  1583 | D:3      | Reached skill level 5 in Maces & Flails
  1583 | D:3      | Reached XP level 5. HP: 31/32 MP: 5/5
  2282 | D:4      | HP: 1/32 [orc wizard/magic dart (10)]
  2606 | D:4      | Reached XP level 6. HP: 31/37 MP: 6/6
  2727 | D:4      | Found an ancient bone altar of Kikubaaqudgha.
  2837 | D:4      | Found Eschen's General Store.
  2862 | D:4      | Bought a scroll of fear for 42 gold pieces
  2862 | D:4      | Bought a scroll of noise for 12 gold pieces
  3234 | D:5      | Entered Level 5 of the Dungeon
  3246 | D:5      | Reached XP level 7. HP: 41/41 MP: 7/7
  3318 | D:5      | Found an ornate altar of the Wu Jian Council.
  3330 | D:5      | Noticed Ijyb
  3342 | D:5      | Killed Ijyb
  3392 | D:5      | Found a white marble altar of Elyvilon.
  4066 | D:6      | Found a staircase to the Ecumenical Temple.
  4113 | Temple   | Entered the Ecumenical Temple
  4193 | Temple   | Became a worshipper of Qazlal Stormbringer
  4653 | D:6      | Reached XP level 8. HP: 41/46 MP: 8/8
  5082 | D:6      | Found a runed translucent gate.
  5083 | D:6      | Found a runed translucent gate.
  5084 | D:6      | Found a runed translucent gate.
  5085 | D:6      | Noticed Ebobla's ghost (novice DsBe)
  5092 | D:6      | Reached skill level 10 in Maces & Flails
  5148 | D:6      | Killed Ebobla's ghost
  5153 | D:6      | Reached XP level 9. HP: 26/51 MP: 9/9
  5859 | D:7      | Reached * piety under Qazlal
  5884 | D:7      | Found a transporter.
  5887 | D:7      | Noticed farkougg's ghost (novice OpTm)
  5889 | D:7      | Noticed a two-headed ogre
  5892 | D:7      | Found a transporter.
  5934 | D:7      | Found an iron altar of Okawaru.
  7108 | D:8      | Found a hide-covered altar of Uskayaw.
  7345 | D:8      | Found an opulent altar of Gozag.
  7391 | D:8      | Identified the ring of Tomorrow {rPois Str+6 Slay+3}
  7523 | D:8      | Noticed Harold
  7543 | D:8      | Killed Harold
  7543 | D:8      | Reached XP level 10. HP: 36/56 MP: 10/10
  7795 | D:8      | Found a shimmering altar of Xom.
  7796 | D:8      | Found a hazy altar of Hepliaklqana.
  7797 | D:8      | Noticed a spectral ugly thing
  7853 | D:8      | Found Ynixel's Antique Armour Emporium.
  7867 | D:8      | Bought a runed cloak for 187 gold pieces
  8173 | D:8      | Found a snail-covered altar of Cheibriados.
  8192 | D:8      | Reached ** piety under Qazlal
  8391 | D:9      | Found an iron altar of Okawaru.
  8568 | D:9      | Reached skill level 5 in Shields
  8746 | D:9      | Noticed a two-headed ogre
  8755 | D:9      | Killed a two-headed ogre
  8810 | D:9      | Noticed Maggie
  8833 | D:9      | Killed Maggie
  8842 | D:9      | Reached XP level 11. HP: 25/60 MP: 11/11
  8894 | D:9      | Noticed a skeletal warrior
  8910 | D:9      | Reached skill level 10 in Shields
  8918 | D:9      | Reached *** piety under Qazlal
  9084 | D:8      | Killed a skeletal warrior
  9502 | D:9      | Noticed a necromancer
  9522 | D:9      | Killed a necromancer
  9950 | D:10     | Entered Level 10 of the Dungeon
 10078 | D:10     | Found a blossoming altar of Fedhas.
 10263 | D:10     | Reached **** piety under Qazlal
 10384 | D:10     | You fall into a shaft and drop 3 floors!
 10384 | D:13     | Noticed a two-headed ogre
 10404 | D:13     | Killed a two-headed ogre
 10462 | D:13     | Noticed a centaur warrior
 10467 | D:13     | Killed a centaur warrior
 10467 | D:13     | Reached XP level 12. HP: 64/64 MP: 12/12
 10543 | D:13     | Found a gate to the Vaults.
 10543 | D:13     | Noticed a centaur warrior
 10543 | D:13     | Noticed a vault guard
 10543 | D:13     | Noticed a vault guard
 10543 | D:13     | Noticed a vault guard
 10543 | D:13     | Noticed a vault guard
 10552 | D:13     | Killed a centaur warrior
 10552 | D:13     | Killed a vault guard
 10552 | D:13     | Killed a vault guard
 10552 | D:13     | Killed from afar by a vault guard

Illustrated notes

Levels and vault maps discovered:
D:1:      kb_arrival_jail, layout_basic
D:2:      layout_basic, gammafunk_temple_overflow_elements
D:3:      layout_loops_ring
D:4:      layout_loops_cross, nicolae_overflow_crystal_walls, first_ration,
          serial_shops, shop, uniq_crazy_yiuf_cottage
D:5:      layout_cave_pools, lemuel_doored_altar, elyvilon_altar_3, uniq_ijyb
D:6:      layout_basic, minmay_temple_entry_stoned_glass,
          gammafunk_ghost_necromancy
D:7:      layout_basic, gammafunk_ghost_smash, grunt_ogre_cave,
          okawaru_metal_pillars_1_2
D:8:      layout_cave_pods, regret_index_temple_of_mockery,
          eat_drink_and_be_merry_uskayaw, cheibrodos_worm_habitat, serial_shops,
          nicolae_shop_waterfront, grunt_gozag_statues, uniq_harold
D:9:      hangedman_screamer, layout_long_grid, old_standard_altar,
          minmay_orc_keep, uniq_maggie
D:10:     layout_irregular_city, basic_altar, grunt_ministairs_14, uniq_fannar
D:13:     layout_stronghold, lightli_vaults_fourway_checkpoint, st_stairs_13
Temple:   nicolae_temple_hex_pool

Skill      XL: |  1  2  3  4  5  6  7  8  9 10 11 12 |
---------------+-------------------------------------+-----
Maces & Flails | 3 4 5 6 7 9 11 13 14 | 14.0
Shields        | 9 13 14 | 14.1
Fighting       | |  3.2
Armour         | |  3.2

Action                   |  1- 3 |  4- 6 |  7- 9 | 10-12 || total
-------------------------+-------+-------+-------+-------++-------
Melee: Flail             |   140 |   209 |   385 |    15 ||   749
       Mace              |       |       |       |   442 ||   442
Throw: Dart              |       |       |       |     1 ||     1
Evoke: Wand              |       |       |       |     5 ||     5
  Use: Potion            |       |     2 |     1 |     1 ||     4
       Scroll            |       |       |     6 |     5 ||    11
  Eat: Chunk             |     1 |     7 |    11 |     8 ||    27
       Ration            |       |       |     1 |     1 ||     2
Armor: Scale mail        |    86 |   113 |   139 |    83 ||   421
Dodge: Dodged            |    45 |    68 |    55 |    53 ||   221
       Repelled          |       |       |       |     1 ||     1
Block: Kite shield       |    81 |   218 |   256 |   302 ||   857
       Reflection        |       |       |     8 |    15 ||    23
